 Dungeon Crawl Stone Soup version 0.23-a0-696-gf95311e5ea (webtiles) character file.

207 LLavrengius the Changer (level 5, -3/34 HPs)
             Began as an Octopode Transmuter on Jan 12, 2019.
             Was a Follower of Sif Muna.
             Slain by Crazy Yiuf
             ... wielding a +2 quarterstaff of chaos
              (5 damage)
             ... on level 3 of the Dungeon.
             The game lasted 00:08:39 (3259 turns).

LLavrengius the Changer (Octopode Transmuter)       Turns: 3259, Time: 00:08:40

Health: -3/34      AC:  2    Str:  9    XL:     5   Next: 85%
Magic:  5/8        EV:  5    Int: 16    God:    Sif Muna [*.....]
Gold:   152        SH:  0    Dex: 18    Spells: 3/9 levels left

rFire    . . .     SeeInvis .     - Unarmed
rCold    . . .     Gourm    .   (shield currently unavailable)
rNeg     + + +     Faith    .   (helmet currently unavailable)
rPois    ∞         Spirit   .   (no amulet)
rElec    .         Reflect  .   (no ring)
rCorr    .         Harm     .   (no ring)
MR       .....                  (no ring)
Stlth    ++........             (no ring)
HPRegen  0.11/turn              (no ring)
MPRegen  0.11/turn              (no ring)
                                (no ring)
                                (no ring)

@: spider-form, petrified, slowed
A: tiny, almost no armour, stealthy swim, (amphibious), 8 rings, (constrict 8)
a: End Transformation, Divine Energy, Renounce Religion


You were on level 3 of the Dungeon.
You worshipped Sif Muna.
Sif Muna was aware of your devotion.
You were not hungry.
You were a venomous arachnid creature.
You visited 1 branch of the dungeon, and saw 3 of its levels.

You collected 152 gold pieces.

Inventory:

Hand Weapons
 u - a +0 hunting sling (melded)
Missiles
 a - 68 arrows
 v - 21 stones (quivered)
Scrolls
 b - a scroll of magic mapping {unknown}
 d - a scroll of amnesia {unknown}
 e - 5 scrolls of identify {unknown}
 f - 2 scrolls of enchant armour {unknown}
 i - a scroll of fog {unknown}
 j - a scroll of fear {unknown}
 l - 3 scrolls of teleportation {unknown}
 m - a scroll of remove curse {unknown}
 n - a scroll of blinking {unknown}
 s - a scroll of enchant weapon {unknown}
Potions
 g - a potion of invisibility {unknown}
 h - a potion of cancellation {unknown}
 k - a potion of berserk rage
 o - a potion of flight {unknown}
 p - a potion of curing {unknown}
 q - a potion of mutation {unknown}
 r - a potion of ambrosia {unknown}
Comestibles
 c - 7 rations
 t - a chunk of flesh


   Skills:
 + Level 2.2 Fighting
 - Level 2.0 Dodging
 - Level 3.0 Unarmed Combat
 + Level 2.5 Spellcasting
 - Level 4.0 Transmutations
 + Level 3.6 Poison Magic


You had 3 spell levels left.
You knew the following spells:

 Your Spells              Type           Power        Failure   Level  Hunger
a - Beastly Appendage     Tmut           ##....       12%         1    #......
b - Sticks to Snakes      Tmut           ##......     17%         2    ##.....
c - Spider Form           Tmut/Pois      ##........   28%         3    ###....

Your spell library contained the following spells:

 Spells                   Type           Power        Failure   Level  Hunger
 Ice Form                 Ice/Tmut       #.......     83%         4    #####..
 Blade Hands              Tmut           ##........   87%         5    ######.


Dungeon Overview and Level Annotations

Branches:
Dungeon (3/15)

Altars:
Fedhas
Nemelex Xobeh
Okawaru
Sif Muna
Vehumet

Annotations:
D:3 Crazy Yiuf


Innate Abilities, Weirdness & Mutations

You cannot wear most types of armour.
You are very stealthy in the water. (Stealth+)
((You are amphibious.))
You can wear up to eight rings at the same time.
((You can use your tentacles to constrict eight enemies at once.))
((Your skin changes colour to match your surroundings (Stealth+).))
((Your rubbery body absorbs attacks. (AC +1, EV +1)))


Message History

Crazy Yiuf hits you with a +2 quarterstaff of chaos.
You are slowing down.
You hit Crazy Yiuf.
Crazy Yiuf looks as sick as possible!
Crazy Yiuf is moderately wounded.
Crazy Yiuf misses you.
Crazy Yiuf hits you with a +2 quarterstaff of chaos!
Your limbs are stiffening.
Unknown command.
You hit Crazy Yiuf.
Crazy Yiuf looks as sick as possible!
Crazy Yiuf is heavily wounded.
Crazy Yiuf hits you with a +2 quarterstaff of chaos!!
* * * LOW HITPOINT WARNING * * *
Crazy Yiuf freezes you.
* * * LOW HITPOINT WARNING * * *
Crazy Yiuf closely misses you.
You have turned to stone.
Crazy Yiuf hits you with a +2 quarterstaff of chaos.
* * * LOW HITPOINT WARNING * * *
You feel yourself slow down.
Crazy Yiuf hits you with a +2 quarterstaff of chaos!
You die...

#..........##
######.......
#####.######
#####
#(....#####.
#..)#
#.#.........
#.(.#
#.#.........
...
#.#.........
#g#
#...........
##s#
#.##########
#.## #.# ##.#
#.# #.## #.#
##.## #.#
#...## #.#
#....# #.#
#....# #.#
#....####.#


You could see Crazy Yiuf (berserk).

Vanquished Creatures
  An orc wizard (D:3)
  7 adders
  An ooze (D:2)
  4 worms
  A dart slug (D:2)
  3 leopard geckos
  5 orcs (D:3)
  6 bats
  4 giant cockroaches
  7 goblins
  9 hobgoblins
  18 jackals
  A quokka (D:2)
  2 ball pythons
  6 frilled lizards
  5 kobolds
  6 rats
86 creatures vanquished.

Notes
Turn   | Place    | Note
-------+----------+-------------------------------------------
     0 | D:1      | LLavrengius the Octopode Transmuter began the quest for the
                  | Orb.
     0 | D:1      | Reached XP level 1. HP: 13/13 MP: 3/3
   141 | D:1      | Reached XP level 2. HP: 14/18 MP: 5/5
   390 | D:1      | Reached skill level 3 in Transmutations
   785 | D:1      | Reached XP level 3. HP: 23/23 MP: 6/6
  1164 | D:2      | Learned a level 2 spell: Sticks to Snakes
  1168 | D:2      | Learned a level 3 spell: Spider Form
  1207 | D:2      | Found a blossoming altar of Fedhas.
  1208 | D:2      | Found a radiant altar of Vehumet.
  1208 | D:2      | Found an iron altar of Okawaru.
  1209 | D:2      | Found a sparkling altar of Nemelex Xobeh.
  1220 | D:2      | Reached skill level 1 in Poison Magic
  1331 | D:2      | Reached XP level 4. HP: 18/28 MP: 5/7
  1489 | D:2      | Reached skill level 4 in Transmutations
  1713 | D:2      | Found a faded altar of an unknown god.
  1760 | D:2      | Became a worshipper of Sif Muna the Loreminder
  1760 | D:2      | Reached * piety under Sif Muna
  2380 | D:3      | Reached XP level 5. HP: 31/33 MP: 8/8
  3247 | D:3      | Found a runed door.
  3252 | D:3      | Noticed Crazy Yiuf
  3259 | D:3      | Slain by Crazy Yiuf

Vault maps used:
D:1:      scummos_arrival_simple_crosswalls
D:2:      chequers_temple_overflow_statue_of_worship,
          chequers_ecumenical_altar_island, first_ration
D:3:      uniq_crazy_yiuf_cottage

Skill      XL: |  1  2  3  4  5 |
---------------+----------------+-----
Transmutations | 3 4 |  4.0
Poison Magic   | 1 3 |  3.6
Fighting       | 2 |  2.2
Dodging        | |  2.0
Unarmed Combat | |  3.0
Spellcasting   | |  2.5

Action                   |  1- 3 |  4- 6 || total
-------------------------+-------+-------++-------
Melee: Unarmed           |    86 |   125 ||   211
       Constrict         |    30 |    33 ||    63
       Tentacles         |    11 |    20 ||    31
       Punch             |     1 |     3 ||     4
       Kick              |     8 |    11 ||    19
 Fire: Hunting sling     |       |     1 ||     1
 Cast: Beastly Appendage |     4 |     3 ||     7
       Spider Form       |       |     1 ||     1
 Stab: Sleeping          |     5 |       ||     5
  Eat: Chunk             |     1 |     7 ||     8
Armor: Skin              |     8 |     4 ||    12
Dodge: Dodged            |    48 |    86 ||   134

Table legend:
 A = Non-vault XP
 B = Vault XP
 C = Vault XP percentage of total XP
 D = Non-vault monster count
 E = Vault monster count
 F = Vault count percentage of total count
                 A         B        C        D         E       F
            +---------+---------+-------+---------+---------+-------
      Total |     296 |       0 |   0.0 |      86 |       0 |   0.0
            +---------+---------+-------+---------+---------+-------
        D:1 |      49 |       0 |   0.0 |      30 |       0 |   0.0
        D:2 |      85 |       0 |   0.0 |      27 |       0 |   0.0
        D:3 |     162 |       0 |   0.0 |      29 |       0 |   0.0
            +---------+---------+-------+---------+---------+-------
